 Dungeon Crawl Stone Soup version 0.29.1-15-g9cfb28693d (webtiles) character file.

Game seed: 2745915150133470206

130 bmack86 the Chopper (level 4, -3/39 HPs)
             Began as a Minotaur Fighter on Apr 15, 2024.
             Slain by Ijyb
             ... wielding a +1 spectral club
              (10 damage)
             ... on level 4 of the Dungeon.
             The game lasted 00:05:39 (3250 turns).

bmack86 the Chopper (Minotaur Fighter)              Turns: 3250, Time: 00:05:39

Health: -3/39      AC:  6    Str: 22    XL:     4   Next: 90%
Magic:  3/3        EV:  9    Int:  5    God:
Gold:   126        SH:  5    Dex: 10    Spells: 3/3 levels left

rFire   . . .      SeeInvis .   a - +0 war axe
rCold   . . .      Faith    .   c - +0 buckler
rNeg    . . .      Spirit   .   b - +0 scale mail
rPois   .          Reflect  .   (helmet restricted)
rElec   .          Harm     .   (no cloak)
rCorr   .          Rampage  .   (no gloves)
Will    .....                   (no boots)
Stlth   ..........              (no amulet)
HPRegen 0.13/turn               (no ring)
MPRegen 0.08/turn               (no ring)

@: no status effects
A: horns 2, retaliatory headbutt
a: no special abilities


You were on level 4 of the Dungeon.
You visited 1 branch of the dungeon, and saw 4 of its levels.

You collected 126 gold pieces.

Inventory:

Hand Weapons
 a - a +0 war axe (weapon)
Armour
 b - a +0 scale mail (worn)
 c - a +0 buckler (worn)
Jewellery
 q - a ring of magical power
Scrolls
 h - a scroll of vulnerability {unknown}
 j - a scroll of poison {unknown}
 l - 3 scrolls of teleportation
 m - a scroll of enchant armour {unknown}
 o - a scroll of brand weapon {unknown}
 r - a scroll of immolation {unknown}
Potions
 d - 2 potions of might
 e - a potion of flight
 f - a potion of attraction
 g - 3 potions of heal wounds
 i - 4 potions of curing
 k - a potion of cancellation {unknown}
 n - a potion of experience {unknown}
 p - a potion of resistance {unknown}


   Skills:
 - Level 3.6 Fighting
 + Level 5.2 Axes
 - Level 3.6 Armour
 - Level 5.0 Shields


You had 3 spell levels left.
You didn't know any spells.
Your spell library contained the following spells:

 Spells                   Type           Power      Damage    Failure   Level
 Gell's Gravitas          Tloc           0%         N/A       99%         3
 Lesser Beckoning         Tloc           0%         N/A       99%         3
 Teleport Other           Tloc           0%         N/A       99%         3


Dungeon Overview and Level Annotations

Branches:
Dungeon (4/15)
 Temple: D:4-7

Altars:
Cheibriados

Shops:
D:1 :

Annotations:
D:4 Ijyb


Innate Abilities, Weirdness & Mutations

You have a pair of horns on your head.
You reflexively headbutt those who attack you in melee.


Message History

Found a ring mail.
r - a scroll labelled TORUCY BOXAUCK You see here a +0 ring mail.
A giant cockroach comes into view.
The giant cockroach closely misses you.
You barely miss the giant cockroach. You block the giant cockroach's attack.
The giant cockroach barely misses you.
You hit the giant cockroach but do no damage.
You headbutt the giant cockroach.
You kill the giant cockroach!
You see here a giant cockroach corpse.
Ijyb the Twisted Goblin comes into view.
She is wielding a +1 spectral club and carrying a wand of digging (5).
Ijyb shouts!
Ijyb zaps a wand.
Some rock shatters into small pieces.
Ijyb screams, "Die!"
Ijyb hits you with a +1 spectral club.
You hit Ijyb. You headbutt Ijyb.
Ijyb is moderately wounded.
Ijyb drinks a potion.
Ijyb seems to grow stronger.
You hit Ijyb but do no damage. Your headbutt misses Ijyb.
Ijyb is moderately wounded.
Ijyb hits you but does no damage. Ijyb hits you with a +1 spectral club!
You barely miss Ijyb.
Ijyb is moderately wounded.
Ijyb hits you with a +1 spectral club.
You slash Ijyb!
Ijyb is almost dead.
Ijyb barely misses you. Ijyb hits you with a +1 spectral club!
You barely miss Ijyb.
Ijyb is almost dead.
Ijyb hits you but does no damage.
You barely miss Ijyb.
Ijyb is almost dead.
Ijyb hits you with a +1 spectral club.
You barely miss Ijyb.
Ijyb is almost dead.
Ijyb hits you with a +1 spectral club.
* * * LOW HITPOINT WARNING * * *
Ijyb hits you with a +1 spectral club!
You die...

#.......#
#.#
#.##.##.#
#.# #.
#.##.# #+#
#. #.##.#
##.##.##.##
#.........#
#.........##
#..........+
#...@...#.##
#...g...#.#
#.......#.#
#.........#
#####.#####
#.# #.# ..


You could see Ijyb (strong).

Vanquished Creatures
  6 adders
  2 worms
  3 dart slugs
  3 endoplasms
  4 giant cockroaches
  6 hobgoblins
  6 jackals (D:1)
  3 quokkas
  7 ball pythons
  4 bats
  5 frilled lizards
  5 goblins
  6 kobolds
  9 rats
69 creatures vanquished.

Notes
Turn   | Place    | Note
-------+----------+-------------------------------------------
     0 | D:1      | bmack86 the Minotaur Fighter began the quest for the Orb.
     0 | D:1      | Reached XP level 1. HP: 19/19 MP: 0/0
   123 | D:1      | Reached XP level 2. HP: 23/26 MP: 1/1
   166 | D:1      | Found Seigg's Vocational Training.
   475 | D:1      | Found a faded altar of an unknown god.
   710 | D:1      | Reached XP level 3. HP: 31/31 MP: 2/2
  1240 | D:2      | Reached skill level 5 in Shields
  1251 | D:2      | Reached XP level 4. HP: 21/39 MP: 3/3
  2091 | D:3      | Noticed a black bear
  2175 | D:3      | Found a snail-covered altar of Cheibriados.
  2823 | D:3      | Reached skill level 5 in Axes
  3239 | D:4      | Noticed Ijyb
  3250 | D:4      | Slain by Ijyb

Illustrated notes

Levels and vault maps discovered:
D:1:      tarquinn_simple_flora_water_a, layout_loops_ring,
          hellmonk_ecumenical_altar_inner_sanctum, nicolae_shop_vocational
D:2:      layout_basic, kennysheep_generic_room_7
D:3:      layout_basic, slow_altar_1
D:4:      layout_loops_corners, minmay_fractal_squares_5, uniq_ijyb

Skill      XL: |  1  2  3  4 |
---------------+-------------+-----
Shields        | 4 5 |  5.0
Axes           | 3 4 5 |  5.2
Fighting       | |  3.6
Armour         | |  3.6

Action                   |  1- 3 |  4- 6 || total
-------------------------+-------+-------++-------
Melee: War axe           |    78 |    71 ||   149
       Headbutt          |     9 |     6 ||    15
  Use: Scroll            |       |     5 ||     5
Armor: Scale mail        |    50 |    29 ||    79
Dodge: Dodged            |    35 |    31 ||    66
Block: Buckler           |    18 |    18 ||    36
